 Dungeon Crawl Stone Soup version 0.30-a0-358-g0d69a1922f (webtiles) character file.

Game seed: 4309487076291240601

2055 PimpSugar the Magician (level 9, -2/63 HPs)
             Began as a Demonspawn Hedge Wizard on Nov 10, 2022.
             Was a Follower of Vehumet.
             Slain by a wraith (10 damage)
             ... on level 7 of the Dungeon.
             The game lasted 00:32:20 (7208 turns).

PimpSugar the Magician (Demonspawn Hedge Wizard)    Turns: 7208, Time: 00:32:22

Health: -2/63      AC: 14    Str: 10    XL:     9   Next: 5%
Magic:  17/17      EV: 14    Int: 21    God:    Vehumet [*.....]
Gold:   398        SH:  0    Dex: 18    Spells: 13/19 levels left

rFire   + . .      SeeInvis +    H - staff of conjuration
rCold   + . .      Faith    .    (no shield)
rNeg    . . .      Spirit   .    m - +2 robe {rC+ rF+}
rPois   .          Reflect  .    A - +2 helmet {SInv}
rElec   .          Harm     .    K - +2 cloak
rCorr   .          Rampage  .    (no gloves)
Will    .....                    p - +0 pair of boots
Stlth   +++.......               w - amulet of the acrobat
HPRegen 0.30/turn                j - ring of flight
MPRegen 0.15/turn                k - +6 ring of dexterity

@: flying, slowed, very slow
A: hooves 1, molten scales 2, powered by death 2, powered by pain 1
a: Renounce Religion


You were on level 7 of the Dungeon.
You worshipped Vehumet.
Vehumet was aware of your devotion.
You visited 2 branches of the dungeon, and saw 8 of its levels.

You collected 398 gold pieces.

Inventory:

Hand Weapons
 a - a +0 dagger
 d - a +1 dagger of flaming
 l - a +0 sling
 n - a +1 glaive of protection
 B - a +0 dagger
 D - a +2 dagger of speed
 F - a +0 mace
 J - a +0 dagger
Missiles
 f - 68 stones (quivered)
 E - 4 boomerangs
 M - 5 curare-tipped darts
Armour
 b - a +0 robe
 c - a +0 hat
 m - a +2 robe of resistance (worn)
 o - a +0 leather armour of poison resistance
 p - a +0 pair of boots (worn)
 x - a +0 buckler
 A - a +2 helmet of see invisible (worn)
 K - a +2 cloak (worn)
Magical Staves
 H - a staff of conjuration (weapon)
Jewellery
 j - a ring of flight (left hand)
 k - a +6 ring of dexterity (right hand)
 r - a ring of magical power
 w - an amulet of the acrobat (around neck)
 z - a ring of positive energy
Wands
 C - a wand of iceblast (9)
Scrolls
 e - a scroll of noise {unknown}
 g - a scroll of silence {unknown}
 h - 2 scrolls of butterflies
 q - 2 scrolls of vulnerability {unknown}
 t - a scroll of magic mapping {unknown}
 u - a scroll of amnesia
 v - 2 scrolls of acquirement {unknown}
 y - a scroll of teleportation {unknown}
 G - a scroll of brand weapon {unknown}
 I - a scroll of immolation
 P - a scroll of fear {unknown}
Potions
 i - a potion of resistance
 s - a potion of ambrosia {unknown}
 L - a potion of curing
 N - a potion of haste
 O - a potion of berserk rage {unknown}


   Skills:
 + Level 3.1 Fighting
 + Level 1.9 Staves
 + Level 3.7 Dodging
 + Level 3.9 Stealth
 * Level 5.5 Spellcasting
 * Level 4.9 Conjurations
 + Level 3.6 Summonings
 + Level 3.2 Translocations
 + Level 2.4 Earth Magic
 + Level 2.6 Evocations


You had 13 spell levels left.
You knew the following spells:

 Your Spells              Type           Power      Damage    Failure   Level
a - Magic Dart            Conj           100%       1d8       1%          1
b - Call Imp              Summ           21%        N/A       3%          2
c - Sandblast             Erth           32%        2d9       3%          1
e - Blink                 Tloc           38%        N/A       4%          2

Your spell library contained the following spells:

 Spells                   Type           Power      Damage    Failure   Level
 Kiss of Death            Conj/Necr      96%        2d12      3%          1
 Stone Arrow              Conj/Erth      64%        3d11      7%          3
 Passwall                 Tmut/Erth      8%         N/A       10%         2
 Slow                     Hex            20%        N/A       11%         1
 Sting                    Tmut/Pois      20%        1d4       11%         1
 Cigotuvi's Dreadful Rot  Necr/Pois/Air  10%        N/A       16%         2
 Poisonous Vapours        Pois/Air       10%        N/A       16%         2
 Mephitic Cloud           Conj/Pois/Air  19%        N/A       16%         3
 Olgreb's Toxic Radiance  Pois           5%         N/A       71%         4


Dungeon Overview and Level Annotations

Branches:
Dungeon (7/15)             Temple (1/1) D:4

Altars:
Ashenzari
Cheibriados
Dithmenos
Gozag
Kikubaaqudgha
Makhleb
Nemelex Xobeh
Okawaru
Qazlal
Ru
Sif Muna
Trog
Vehumet
Wu Jian
Yredelemnul
Ignis


Innate Abilities, Weirdness & Mutations

You have large cloven feet.
You are mostly covered in molten scales. (AC +3)
You regenerate health from kills.
You sometimes gain a little power by taking damage.


Message History

The wraith attacks as you move away! The wraith completely misses you.
The orc warrior hits your crimson imp with a +0 battleaxe!
Your crimson imp hits the orc warrior but does no damage.
The wraith misses you.
Your crimson imp hits the orc warrior but does no damage.
You hit the wraith but do no damage.
The wraith is moderately damaged.
The wraith hits you but does no damage.
Your crimson imp hits the orc warrior.
The wraith barely misses you.
The orc priest mumbles some strange prayers to Beogh against you.
Beogh smites you!
* * * LOW HITPOINT WARNING * * *
Your crimson imp blinks!
The kobold demonologist casts a spell.
The vampire casts a spell.
The vampire flickers and vanishes for a moment.
The wraith barely misses you. The centaur attacks as you move away!
The centaur unwields a +0 shortbow.
The centaur hits you.
* * * LOW HITPOINT WARNING * * *
The centaur misses you.
The centaur wields a +0 shortbow.
The centaur shoots an arrow.
The arrow completely misses you.
You hear an angry buzzing noise.
The centaur shoots an arrow.
The arrow hits you.
* * * LOW HITPOINT WARNING * * *
The wraith misses you. The wraith attacks as you move away!
The wraith closely misses you.
The centaur unwields a +0 shortbow.
The centaur completely misses you. The centaur barely misses you.
The centaur wields a +0 shortbow.
The centaur shoots an arrow.
The arrow completely misses you.
The centaur shoots an arrow.
The arrow closely misses you.
Aiming: Iceblast
Press: ? - help, Shift-Dir - straight line, p - wraith The mass of ice explodes!
The iceblast engulfs the wraith!
The wraith partially resists.
The wraith is severely damaged.
The iceblast engulfs you. You partially resist.
* * * LOW HITPOINT WARNING * * *
The wraith hits you!
You die... . . ..# #.# #.###.#.### y###5 #.# #.###.......# # #5.5# #.# #.........### # 4oK# #.# #####.##### 9co

#># ##.# #V# #.# #..# #+##.# #.#
#####.### .....# #.####...^.<.# #
....## ###...@..###.#.## ##
.....## ##.#o#W#..# #.#..## ##.
....4K####....#c#..###.#...####..
......'K.o....V9..............'..
.....o####......#..####....####..
.....## ##.#..##..# #...## ##.
....## ###..##..####..## ## )..##
#............# # #'##
##.########.##


You could see a vampire (invisible), a wraith, an orc warrior, a gargoyle and a
centaur.

Vanquished Creatures
  2 water moccasins (D:7)
  Duvessa (D:4)
  An orc warrior (D:7)
  2 black bears
  A centaur (D:5)
  A sky beast (D:6)
  A phantom (D:6)
  3 bullfrogs
  4 scorpions
  A gnoll bouda (D:6)
  An orc priest (D:5)
  A hound (D:5)
  2 jellies
  2 iguanas (D:5)
  5 orc wizards
  4 gnolls (D:6)
  3 adders
  A shadow imp (D:6)
  2 worms
  A dart slug (D:3)
  21 orcs
  6 bats
  5 endoplasms
  3 giant cockroaches (D:1)
  13 goblins
  8 hobgoblins
  3 jackals (D:1)
  7 kobolds
  7 ball pythons
  2 frilled lizards
  5 rats
119 creatures vanquished.

Vanquished Creatures (collateral kills)
  A water moccasin (D:3)
  A necrophage (D:5)
  Dowan (D:4)
  An orc priest (D:4)
  Robin (D:3)
  An adder (D:2)
  A dart slug (D:1)
  4 orcs
  A goblin (D:3)
  2 hobgoblins
  A jackal (D:1)
  A kobold (D:1)
  A frilled lizard (D:2)
17 creatures vanquished.

Grand Total: 136 creatures vanquished

Notes
Turn   | Place    | Note
-------+----------+-------------------------------------------
     0 | D:1      | PimpSugar the Demonspawn Hedge Wizard began the quest for
                  | the Orb.
     0 | D:1      | Reached XP level 1. HP: 13/13 MP: 4/4
   101 | D:1      | Found a faded altar of an unknown god.
   147 | D:1      | Reached skill level 1 in Translocations
   205 | D:1      | Gained mutation: You regenerate a little health from kills.
                  | [demonic ancestry]
   205 | D:1      | Reached XP level 2. HP: 19/19 MP: 1/6
   421 | D:1      | Learned a level 2 spell: Call Imp
   722 | D:1      | Reached XP level 3. HP: 16/25 MP: 1/7
  1701 | D:2      | Gained mutation: You regenerate health from kills. [demonic
                  | ancestry]
  1701 | D:2      | Reached XP level 4. HP: 31/31 MP: 7/9
  2048 | D:3      | Noticed a water moccasin
  2065 | D:3      | Killed a water moccasin
  2066 | D:3      | Reached skill level 1 in Fighting
  2066 | D:3      | Gained mutation: You have large cloven feet. [demonic
                  | ancestry]
  2066 | D:3      | Reached XP level 5. HP: 37/37 MP: 5/10
  2151 | D:3      | Noticed Robin
  2167 | D:3      | Killed Robin
  2313 | D:3      | Found a broken altar of Ashenzari.
  2384 | D:3      | Found a sparkling altar of Nemelex Xobeh.
  2399 | D:3      | Found a snail-covered altar of Cheibriados.
  2435 | D:3      | Learned a level 1 spell: Sandblast
  2854 | D:4      | Reached skill level 4 in Spellcasting
  2929 | D:4      | Noticed a black bear
  2950 | D:4      | Killed a black bear
  2951 | D:4      | Reached XP level 6. HP: 27/43 MP: 5/12
  2954 | D:4      | Noticed Duvessa
  2960 | D:4      | Noticed Dowan
  2970 | D:4      | HP: 1/43 [Duvessa/+0 short sword (3)]
  3001 | D:4      | Killed Dowan
  3008 | D:4      | Killed Duvessa
  3009 | D:4      | Reached skill level 1 in Earth Magic
  3009 | D:4      | Reached skill level 1 in Evocations
  3009 | D:4      | Gained mutation: You are partially covered in molten
                  | scales. (AC +2) [demonic ancestry]
  3009 | D:4      | Reached XP level 7. HP: 25/49 MP: 6/13
  3612 | D:4      | Found a staircase to the Ecumenical Temple.
  3618 | Temple   | Entered the Ecumenical Temple
  3689 | Temple   | Became a worshipper of Vehumet
  3728 | D:5      | Entered Level 5 of the Dungeon
  5495 | D:6      | Reached skill level 1 in Staves
  5495 | D:6      | Gained mutation: You are mostly covered in molten scales.
                  | (AC +3) [demonic ancestry]
  5495 | D:6      | Reached XP level 8. HP: 49/57 MP: 2/15
  5519 | D:6      | Reached skill level 5 in Spellcasting
  5773 | D:6      | Reached * piety under Vehumet
  5773 | D:6      | Offered knowledge of Kiss of Death by Vehumet.
  6049 | D:6      | Found a shimmering blue altar of Sif Muna.
  6305 | D:6      | Learned a level 2 spell: Blink
  6675 | D:7      | Found an opulent altar of Gozag.
  6894 | D:7      | Gained mutation: You sometimes gain a little power by
                  | taking damage. [demonic ancestry]
  6894 | D:7      | Reached XP level 9. HP: 31/63 MP: 13/17
  7177 | D:7      | Noticed a kobold demonologist
  7178 | D:7      | Noticed a gargoyle
  7183 | D:7      | Noticed an ice devil
  7187 | D:7      | Noticed an orange demon
  7208 | D:7      | Slain by a wraith

Illustrated notes

Levels and vault maps discovered:
D:1:      psy_arrival_statuary, layout_loops_ring,
          dilly_ecumenical_altar_fadedgnrine, minmay_pentomino_r4
D:2:      layout_basic
D:3:      layout_loops_ring, ashenzari_conservatory_becter,
          mainiacjoe_overflow_large_starburst, uniq_robin
D:4:      layout_basic, minmay_temple_entry_enclosed_plants, uniq_duvessa
D:5:      layout_layer_cave
D:6:      layout_rooms, mainiacjoe_overflow_alcove_1, minmay_stone_trees_small
D:7:      minmay_blocky_corners, layout_loops_corners,
          mainiacjoe_overflow_surrounded_room,
          nicolae_gozag_cash_rules_everything_around_me
Temple:   ebering_untended_altars

Skill      XL: |  1  2  3  4  5  6  7  8 |
---------------+-------------------------+-----
Translocations | 1 2 3 |  3.2
Stealth        | 2 3 |  3.9
Dodging        | 2 3 |  3.7
Fighting       | 1 2 3 |  3.1
Conjurations   | 2 3 4 |  4.9
Summonings     | 2 3 |  3.6
Spellcasting   | 4 5 |  5.5
Earth Magic    | 1 2 |  2.4
Evocations     | 1 2 |  2.6
Staves         | 1 |  1.9

Action                   |  1- 3 |  4- 6 |  7- 9 || total
-------------------------+-------+-------+-------++-------
Melee: Dagger            |    57 |       |       ||    57
       Staff             |       |       |   163 ||   163
       Punch             |       |       |     1 ||     1
 Fire: Sling             |    40 |    87 |     6 ||   133
Throw: Stone             |       |       |     4 ||     4
       Dart              |       |       |     2 ||     2
 Cast: Magic Dart        |    41 |    12 |   112 ||   165
       Call Imp          |     5 |     9 |    23 ||    37
       Sandblast         |       |    14 |    62 ||    76
       Blink             |       |       |     1 ||     1
Evoke: Wand              |       |     1 |     2 ||     3
  Use: Potion            |       |     8 |     9 ||    17
       Scroll            |       |       |     8 ||     8
 Stab: Distracted        |       |       |     1 ||     1
Armor: Robe              |    37 |    21 |   119 ||   177
       Skin              |       |    53 |    77 ||   130
       Leather armour    |       |       |    16 ||    16
Dodge: Dodged            |    72 |    81 |   284 ||   437

Table legend: (Time is in decaauts)
 A = Elapsed time spent in this place.
 B = Non-inter-level travel time spent in this place.
 C = Inter-level travel time spent in this place.
 D = Time resting spent in this place.
 E = Time spent auto-exploring this place.
 F = Levels seen in this place.
 G = Mean time per level.
                   A        B        C        D        E       F      G
               +--------+--------+--------+--------+--------+-----+--------+
         Total |   7315 |   6915 |    400 |    326 |   4759 |   8 |  914.4 |
       Dungeon |   7230 |   6847 |    383 |    326 |   4721 |   7 | 1032.9 |
        Temple |     85 |     68 |     17 |      0 |     38 |   1 |   85.0 |
               +--------+--------+--------+--------+--------+-----+--------+

Top non-repeatable levels by time:
     D:5: 1750 daAuts
     D:1: 1072 daAuts
     D:2: 917 daAuts
     D:7: 915 daAuts
     D:4: 893 daAuts
     D:6: 860 daAuts
     D:3: 820 daAuts
  Temple: 85 daAuts
